AoeStats
← Gillyyy

Golden Pit

510085941Analyzed
1v1 RM · 3d ago on Sep 29, 2026· 61m 11s· 2 players
Game mode
Random Map
Map size
Tiny (2 player)
Population
200
Speed
Normal
Resources
Standard
Victory
Conquest
Starting age
Dark Age
Ending age
Imperial Age
RankedLock teamsTeams togetherTeam positionsShared explorationLock speedFull tech treeHidden civsTurbo modeCheats
Victory
Defeat
🇦🇺 Romans · Australia
969
+18
🇨🇴 Saxons · Colombia
1003
-18
matemusician
7:40 Loom
10:24 Feudal Age
10:37 Man-at-Arms
11:38 Double-Bit Axe
12:05 Arson
14:13 Scale Mail Armor
15:10 Wheelbarrow
17:20 Fletching
20:00 Padded Archer Armor
25:38 Castle Age
26:36 Bodkin Arrow
26:50 Treadmill Crane
32:26 Chain Mail Armor
32:13 Squires
31:33 Pikeman
37:28 Imperial Age
36:12 Pikeman
38:50 Conscription
38:15 Halberdier
39:49 Clerical Recruitment
40:52 Conscription
41:16 Plate Mail Armor
41:06 Murder Holes
41:02 Crossbowman
42:19 Forging
43:14 Bracer
43:49 Crossbowman
45:00 Guilds
46:47 Hand Cart
48:46 Bow Saw
49:22 Ballistics
50:52 Town Watch
51:27 Leather Archer Armor
53:20 Masonry
54:19 Siege Engineers
54:38 Arbalester
55:50 Thumb Ring
56:52 Ring Archer Armor
58:12 Iron Casting
58:59 Architecture
Gillyyy
7:36 Loom
10:34 Feudal Age
11:22 Double-Bit Axe
17:29 Man-at-Arms
20:50 Scale Mail Armor
23:55 Castle Age
25:45 Long Swordsman
28:04 Fletching
34:27 Wheelbarrow
37:39 Bow Saw
37:43 Horse Collar
38:22 Chain Mail Armor
38:18 Forging
40:31 Iron Casting
46:11 Imperial Age
44:38 Light Cavalry
49:16 Bloodlines
49:06 Husbandry
50:00 Scale Barding Armor
52:31 Hand Cart
58:48 Ballistas
58:57 Legionary
Connection lost

Rejoining the realm…

Still unreachable

The connection could not be restored.

Session expired

The server has moved on; the page needs a fresh start.